[Event "Titled Tuesday Blitz April 11 Late 2023"]
[White "Martic, Ivan"]
[Black "Perez Rodriguez, Jennifer"]
[WhiteFideId "929301"]
[BlackFideId "3507831"]
[WhiteElo "2360"]
[BlackElo "2116"]
[Result "1-0"]
[Round "05"]
[TimeControl "180+2"]
[Date "2023.04.11"]
[WhiteClock "0:00:50"]
[BlackClock "0:00:06"]

1. d4 d5 2. Nf3 Nf6 3. c4 c6 4. Nc3 e6 5. e3 Nbd7 6. Qc2 Bd6 7. Bd3 dxc4 8. Bxc4 b5 9. Be2 Bb7 10. O-O O-O 11. e4 e5 12. dxe5 Nxe5 13. Nd4 Neg4 14. Nf5 Bxh2+ 15. Kh1 Be5 16. Bg5 h6 17. Bh4 Qc7 18. Bxg4 Nxg4 19. Qe2 h5 20. f3 Nf6 21. Rac1 Qb6 22. f4 Bxc3 23. Rxc3 Ng4 24. Rg3 c5 25. Rxg4 hxg4 26. Qxg4 g6 27. e5 Be4 28. Nd6 Bd3 29. Bf6 g5 30. Qxg5+ Bg6 31. Qh6 Bh7 32. Qg7# 1-0


[Site "https://www.chess.com"]

[Event "Titled Tuesday Blitz April 11 Late 2023"]
[White "Golubev, Mikhail"]
[Black "Goroshkov, Maksym"]
[WhiteFideId "14100983"]
[BlackFideId "14142716"]
[WhiteElo "2374"]
[BlackElo "2322"]
[Result "1-0"]
[Round "05"]
[TimeControl "180+2"]
[Date "2023.04.11"]
[WhiteClock "0:00:28"]
[BlackClock "0:01:17"]

1. e4 e5 2. Nf3 Nc6 3. Bc4 Bc5 4. c3 Nf6 5. d4 exd4 6. cxd4 Bb4+ 7. Nbd2 d5 8. exd5 Nxd5 9. O-O O-O 10. a3 Be7 11. Ba2 Bg4 12. h3 Bh5 13. Re1 Bf6 14. g4 Bg6 15. Ne4 Bxe4 16. Rxe4 Qd7 17. Ne5 Bxe5 18. dxe5 Rad8 19. Bg5 f6 20. exf6 gxf6 21. Bh6 Rf7 22. Qxd5 Ne5 23. Qxd7 Rxd7 24. Bxf7+ Kxf7 25. Bf4 Nd3 26. Rd1 c5 27. Be3 b5 28. Bxc5 Nxc5 29. Rxd7+ Nxd7 30. Rb4 a6 31. a4 bxa4 32. Rxa4 Nc5 33. Ra3 Ke6 34. b4 Nd3 35. Rxd3 1-0


[Site "https://www.chess.com"]

[Event "Titled Tuesday Blitz April 11 Late 2023"]
[White "Hoffmann, Asa"]
[Black "Urbina Perez, Juan Antonio"]
[WhiteFideId "2001470"]
[BlackFideId "2217368"]
[WhiteElo "2117"]
[BlackElo "2197"]
[Result "1-0"]
[Round "05"]
[TimeControl "180+2"]
[Date "2023.04.11"]
[WhiteClock "0:00:25"]
[BlackClock "0:00:06"]

1. d4 c5 2. dxc5 e6 3. Nc3 Bxc5 4. Ne4 Be7 5. Nd6+ Bxd6 6. Qxd6 Qe7 7. Bf4 Qxd6 8. Bxd6 Ne7 9. e4 Nbc6 10. O-O-O f6 11. f4 O-O 12. Nf3 Re8 13. a3 b6 14. Bc4 Kf7 15. f5 Bb7 16. Rhf1 h6 17. e5 Rac8 18. fxe6+ dxe6 19. Ba2 f5 20. h3 g6 21. g4 Rcd8 22. Nh4 Kg7 23. gxf5 Nxf5 24. Nxf5+ exf5 25. e6 Ne7 26. Be5+ Kh7 27. Rd7 Bc6 28. Rxa7 Ra8 29. Rc7 Rac8 30. Rxc8 Rxc8 31. Rd1 g5 32. Bf6 Re8 33. Rd6 Ng8 34. Be5 Be4 35. Rxb6 Kg6 36. e7+ Kh5 37. Bf7+ Kh4 38. Bxe8 Nxe7 39. Bg7 Nd5 40. Rxh6+ Kg3 41. Rg6 Kh4 42. Bf6 Nxf6 43. Rxf6 f4 44. Bg6 Bg2 45. Bf5 f3 46. Bd3 Kg3 47. Kd2 Kxh3 48. Ke1 g4 49. Bf1 Kg3 50. Rf7 Kh2 51. c4 Kg1 52. Bxg2 Kxg2 53. Rf4 g3 54. c5 f2+ 55. Ke2 Kh1 56. Rxf2 gxf2 57. Kxf2 1-0


[Site "https://www.chess.com"]

[Event "Titled Tuesday Blitz April 11 Late 2023"]
[White "Tomaszewski, Kacper"]
[Black "Ozalp, Burak"]
[WhiteFideId "1127373"]
[BlackFideId "6314210"]
[WhiteElo "2211"]
[BlackElo "2106"]
[Result "1-0"]
[Round "05"]
[TimeControl "180+2"]
[Date "2023.04.11"]
[WhiteClock "0:00:45"]
[BlackClock "0:00:18"]

1. c4 g6 2. Nf3 Bg7 3. d4 Nf6 4. Nc3 d5 5. cxd5 Nxd5 6. Bg5 Nc6 7. Rc1 O-O 8. e3 h6 9. Bh4 Bg4 10. Be2 Re8 11. O-O Qd7 12. Bg3 Nxc3 13. bxc3 Rad8 14. Qb3 e5 15. Rfe1 e4 16. Nd2 Bxe2 17. Rxe2 h5 18. h3 b6 19. c4 Bxd4 20. Bh4 Rc8 21. exd4 Nxd4 22. Qe3 Nxe2+ 23. Qxe2 Qd3 24. Kf1 c5 25. Bg5 Kg7 26. Qxd3 exd3 27. Re1 Rxe1+ 28. Kxe1 Re8+ 29. Be3 f5 30. g3 Kf6 31. Nf3 Re4 32. Nd2 Re8 33. h4 a6 34. a4 f4 35. gxf4 Kf5 36. Nf3 Kg4 37. Ne5+ Kxh4 38. Kf1 g5 39. Ng6+ Kg4 40. fxg5 h4 41. Nf4 h3 42. Nxd3 Rxe3 43. fxe3 Kxg5 44. Nf2 h2 45. Kg2 Kf5 46. Kxh2 Ke5 47. Kg3 1-0


[Site "https://www.chess.com"]

[Event "Titled Tuesday Blitz April 11 Late 2023"]
[White "Omelja, Artem"]
[Black "Kula, Robert"]
[WhiteFideId "14119846"]
[BlackFideId "1101218"]
[WhiteElo "2404"]
[BlackElo "2180"]
[Result "0-1"]
[Round "05"]
[TimeControl "180+2"]
[Date "2023.04.11"]
[WhiteClock "0:00:01"]
[BlackClock "0:00:38"]

1. e4 e5 2. d4 exd4 3. c3 dxc3 4. Nxc3 d6 5. f4 Nc6 6. Nf3 Nf6 7. Bb5 Be7 8. O-O O-O 9. Qc2 Bd7 10. a3 a6 11. Bc4 Be6 12. Nd5 Bxd5 13. exd5 Nb8 14. Bd2 Nbd7 15. Rae1 h6 16. Ba2 Re8 17. Nd4 Nh7 18. Bc3 Bf6 19. Bb1 Ndf8 20. Nf5 Qd7 21. g4 Qb5 22. Nxh6+ gxh6 23. Bxf6 Nxf6 24. g5 Nxd5 25. gxh6 Qc5+ 26. Kh1 Qxc2 27. Bxc2 Ne3 28. Rg1+ Kh8 29. Bb1 Nd5 30. Rc1 c6 31. Rg7 Re7 32. Rcg1 Nf6 33. h4 Rae8 34. h5 N8h7 35. Kh2 Re2+ 36. Kh3 R8e3+ 37. R1g3 Rxg3+ 38. Rxg3 Rxb2 39. Bf5 Nxh5 40. Re3 Nxf4+ 41. Kg4 Ne6 42. Bxe6 fxe6 43. Rxe6 Kg8 44. Rxd6 Rb5 45. a4 Rd5 46. Re6 Kf7 47. Re1 Rd4+ 48. Kf5 Rxa4 49. Rd1 Ra5+ 50. Kg4 Nf6+ 51. Kf4 Rh5 52. Rb1 b6 53. Ra1 a5 54. Rc1 Rxh6 55. Kg5 Rg6+ 56. Kf5 c5 57. Rb1 Nd5 58. Re1 Rf6+ 59. Ke5 Re6+ 0-1


[Site "https://www.chess.com"]

[Event "Titled Tuesday Blitz April 11 Late 2023"]
[White "Alahakoon, Isuru"]
[Black "Roberson, Peter T"]
[WhiteFideId "9900993"]
[BlackFideId "412384"]
[WhiteElo "1995"]
[BlackElo "2346"]
[Result "1-0"]
[Round "05"]
[TimeControl "180+2"]
[Date "2023.04.11"]
[WhiteClock "0:01:18"]
[BlackClock "0:00:56"]

1. Nf3 c5 2. c3 d5 3. d4 e6 4. Bf4 Bd6 5. Bg3 Nc6 6. e3 Nge7 7. Bd3 Ng6 8. Nbd2 e5 9. Bxg6 hxg6 10. Nxe5 Bxe5 11. dxe5 Bf5 12. O-O Qd7 13. e4 dxe4 14. Nc4 Qxd1 15. Raxd1 Ke7 16. Nd6 b6 17. Nxf5+ gxf5 18. Rd6 Na5 19. Rfd1 Rhe8 20. b3 g5 21. h4 f4 22. Bh2 gxh4 23. Bxf4 Rg8 24. Rd7+ Ke8 25. Rc7 Rd8 26. Rxd8+ Kxd8 27. Rxa7 h3 28. Ra8+ 1-0


[Site "https://www.chess.com"]

[Event "Titled Tuesday Blitz April 11 Late 2023"]
[White "Almeida Junior, Alvaro Alves de"]
[Black "Przybylski, Wojciech"]
[WhiteFideId "2149974"]
[BlackFideId "1117599"]
[WhiteElo "2122"]
[BlackElo "2222"]
[Result "0-1"]
[Round "05"]
[TimeControl "180+2"]
[Date "2023.04.11"]
[WhiteClock "0:00:01"]
[BlackClock "0:00:13"]

1. e4 c5 2. Nf3 e6 3. c4 Nc6 4. Nc3 Nge7 5. d4 cxd4 6. Nxd4 Nxd4 7. Qxd4 Nc6 8. Qd1 Bc5 9. Be2 O-O 10. O-O b6 11. a3 Bb7 12. b4 Bd4 13. Bb2 Qf6 14. Qb3 Be5 15. Nd1 Nd4 16. Bxd4 Bxd4 17. Rc1 Bxe4 18. Ne3 Qg5 19. g3 f5 20. f4 Qh6 21. Rfd1 e5 22. Rxd4 exd4 23. Nd5 Rae8 24. Bd3 Qh3 25. Bf1 Qh5 26. c5 Kh8 27. cxb6 axb6 28. Nxb6 d3 29. Qd1 Qf7 30. Bxd3 Qe6 31. Bxe4 Qxb6+ 32. Kg2 fxe4 0-1


[Site "https://www.chess.com"]

[Event "Titled Tuesday Blitz April 11 Late 2023"]
[White "Barria Santos, Jose Guilherme"]
[Black "Dobre, Claudiu-Cristian"]
[WhiteFideId "1939300"]
[BlackFideId "1211854"]
[WhiteElo "2266"]
[BlackElo "2207"]
[Result "0-1"]
[Round "05"]
[TimeControl "180+2"]
[Date "2023.04.11"]
[WhiteClock "0:01:41"]
[BlackClock "0:00:14"]

1. Nf3 d6 2. g3 f5 3. Bg2 e5 4. d4 e4 5. Nfd2 d5 6. c4 c6 7. Nc3 Nf6 8. f3 Bd6 9. O-O Be6 10. e3 h5 11. fxe4 fxe4 12. cxd5 cxd5 13. Ndxe4 dxe4 14. Nxe4 Be7 15. Ng5 Bd5 16. e4 Bc6 17. d5 Bb5 18. e5 Bxf1 19. Kxf1 O-O 20. Kg1 Ng4 21. Ne6 Qb6+ 22. Kh1 Rc8 23. Qd4 Bc5 24. Nxc5 Qxc5 25. Qxc5 Rxc5 26. Bf4 Nd7 27. e6 Ndf6 28. d6 Re8 29. d7 Nxd7 30. exd7 Rd8 31. Rd1 b6 32. Kg1 Kf7 33. Bg5 Rxg5 34. Bc6 Ne5 35. Bd5+ Ke7 36. Kg2 Rxd7 37. h4 Rf5 38. Be4 Rf6 39. Re1 Kf8 40. Rc1 Nf7 41. Rc8+ Rd8 42. Rc7 Re6 43. Bf5 Re7 44. Rc6 Nd6 45. Bd3 Rdd7 46. a4 Kf7 47. Bc2 Ke6 48. Bb3+ Ke5 49. Rc1 Rc7 50. Re1+ Kf6 51. Rf1+ Kg6 52. Rd1 Nf5 53. Rd3 Rc5 54. Ba2 Kh6 55. b4 Rc2+ 56. Kh3 Rxa2 57. Rd5 g6 58. Rd8 Rxa4 59. Rh8+ Kg7 60. g4 Ra3+ 61. Kg2 hxg4 62. h5 Re2+ 63. Kf1 Ng3+ 64. Kg1 Ra1# 0-1


[Site "https://www.chess.com"]

[Event "Titled Tuesday Blitz April 11 Late 2023"]
[White "Araujo Sanchez, Josue"]
[Black "Torres Dominguez, David"]
[WhiteFideId "6416896"]
[BlackFideId "2220857"]
[WhiteElo "2420"]
[BlackElo "1999"]
[Result "1-0"]
[Round "05"]
[TimeControl "180+2"]
[Date "2023.04.11"]
[WhiteClock "0:01:17"]
[BlackClock "0:00:38"]

1. d4 e5 2. Nf3 e4 3. Ng5 f5 4. c4 Nf6 5. g3 Bb4+ 6. Bd2 Bxd2+ 7. Qxd2 O-O 8. Nh3 d5 9. e3 Nc6 10. Nc3 Kh8 11. cxd5 Nxd5 12. Nxd5 Qxd5 13. Nf4 Qd6 14. h4 Be6 15. d5 Ne5 16. Be2 Bf7 17. Rd1 Rad8 18. Qc3 Rd7 19. O-O Qf6 20. Qb4 Rb8 21. Qc5 b6 22. Qc3 Rbd8 23. Rd4 c5 24. dxc6 Rxd4 25. c7 R4d7 26. cxd8=Q+ Rxd8 27. Rd1 Rxd1+ 28. Bxd1 Nf3+ 29. Bxf3 Qxc3 30. bxc3 exf3 31. a3 1-0


[Site "https://www.chess.com"]

[Event "Titled Tuesday Blitz April 11 Late 2023"]
[White "Ezat, Mohamed"]
[Black "Osmonbekov, Talaibek"]
[WhiteFideId "10600906"]
[BlackFideId "2017253"]
[WhiteElo "2386"]
[BlackElo "2135"]
[Result "1-0"]
[Round "05"]
[TimeControl "180+2"]
[Date "2023.04.11"]
[WhiteClock "0:00:52"]
[BlackClock "0:00:03"]

1. d4 e6 2. c4 f5 3. Nc3 Bb4 4. e3 Nf6 5. Bd3 b6 6. Ne2 Bb7 7. f3 O-O 8. O-O a5 9. Qc2 Na6 10. Bd2 Qe8 11. e4 Bxc3 12. bxc3 fxe4 13. fxe4 e5 14. Ng3 d6 15. a3 Qg6 16. Rae1 Rae8 17. c5 dxc5 18. d5 Nb8 19. Bb5 Rd8 20. Nf5 Rf7 21. Rf3 Nh5 22. Bc4 Ba6 23. Bxa6 Nxa6 24. Qb3 c4 25. Qxc4 Nc5 26. d6 Qe6 27. Qxe6 Nxe6 28. Ne7+ Kf8 29. dxc7 Rxf3 30. gxf3 Kxe7 31. cxd8=Q+ Nxd8 32. Be3 b5 33. Rb1 1-0


[Site "https://www.chess.com"]

[Event "Titled Tuesday Blitz April 11 Late 2023"]
[White "Thorfinnsson, Bjorn"]
[Black "Vifleemskaia, Svetlana"]
[WhiteFideId "2300982"]
[BlackFideId "4129490"]
[WhiteElo "2395"]
[BlackElo "1930"]
[Result "1-0"]
[Round "05"]
[TimeControl "180+2"]
[Date "2023.04.11"]
[WhiteClock "0:00:57"]
[BlackClock "0:00:02"]

1. d4 Nf6 2. Nf3 d5 3. Bg5 Ne4 4. e3 Nxg5 5. Nxg5 h6 6. Nf3 c5 7. c3 Qb6 8. Qc2 g6 9. Nbd2 Bg7 10. Qb3 c4 11. Qxb6 axb6 12. a3 b5 13. e4 Be6 14. exd5 Bxd5 15. Be2 Nc6 16. O-O O-O 17. Rac1 Rad8 18. Rfe1 e6 19. Nf1 g5 20. Ne3 Be4 21. Nd2 Bg6 22. Bf3 Bd3 23. Ne4 Bxe4 24. Bxe4 f5 25. Bxc6 bxc6 26. Nc2 Rd6 27. Re2 Kf7 28. Kf1 Ke7 29. Rce1 Kd7 30. Nb4 Re8 31. Na6 Ke7 32. Nc7 Rc8 33. Nxe6 Kf7 34. Nc5 Bf6 35. h3 Rd5 36. g4 fxg4 37. hxg4 Rh8 38. Re6 Rc8 39. Kg2 h5 40. gxh5 g4 41. h6 Rh5 42. Nd7 Rxh6 43. R6e4 Rg6 44. Rf4 Kg7 45. Re6 Bg5 46. Rxg6+ Kxg6 47. Ne5+ 1-0


[Site "https://www.chess.com"]

[Event "Titled Tuesday Blitz April 11 Late 2023"]
[White "Fernandez Siles, Luis"]
[Black "Karas, Marek"]
[WhiteFideId "2209420"]
[BlackFideId "14928558"]
[WhiteElo "2195"]
[BlackElo "2233"]
[Result "1-0"]
[Round "05"]
[TimeControl "180+2"]
[Date "2023.04.11"]
[WhiteClock "0:00:06"]
[BlackClock "0:00:02"]

1. e4 g6 2. Nc3 Bg7 3. f4 d6 4. Nf3 a6 5. a4 Nf6 6. Bc4 O-O 7. d3 c6 8. Ba2 b5 9. axb5 cxb5 10. Be3 Ng4 11. Bg1 Nc6 12. h3 Nf6 13. Bf2 Nh5 14. g3 b4 15. Nd5 Bxb2 16. Rb1 Bg7 17. Kf1 a5 18. Kg2 Nf6 19. g4 Nxd5 20. exd5 Na7 21. Bd4 Nb5 22. Bxg7 Kxg7 23. Qe1 Nc3 24. Ra1 a4 25. Bc4 Ba6 26. Nd4 Bxc4 27. dxc4 Qb6 28. Nc6 Qc5 29. f5 Qxc4 30. Nxe7 Rfe8 31. f6+ Kxf6 32. Rf1+ Kg7 33. Qf2 Qe4+ 34. Kg1 Qxe7 35. Qd4+ Kg8 36. Qxb4 Qe3+ 37. Kg2 Qe4+ 38. Qxe4 Nxe4 39. Rf4 Nc5 40. Rc4 Re7 41. Ra3 Rea7 42. Kf3 Kg7 43. g5 Rb8 44. Ke3 Rb2 45. Kd2 Rb1 46. Kc3 Rh1 47. Kb4 Rh2 48. Kb5 Rb7+ 49. Kc6 Re7 50. Kxd6 Ra7 51. Kxc5 Rg2 52. Rcxa4 Rc7+ 53. Kd6 Rcxc2 54. Ra6 Rxg5 55. R3a5 Rf5 56. Kd7 h5 57. d6 g5 58. Rxf5 Kg6 59. Raa5 f6 60. h4 g4 61. Rxh5 g3 62. Rh8 g2 63. Rg8+ Kf7 64. Rg3 f5 65. Rxf5# 1-0


[Site "https://www.chess.com"]

[Event "Titled Tuesday Blitz April 11 Late 2023"]
[White "Zampronha, Wladimir Camilo"]
[Black "Minko, Dmitry"]
[WhiteFideId "2103087"]
[BlackFideId "24188468"]
[WhiteElo "2176"]
[BlackElo "2147"]
[Result "1-0"]
[Round "05"]
[TimeControl "180+2"]
[Date "2023.04.11"]
[WhiteClock "0:01:05"]
[BlackClock "0:00:01"]

1. e4 e5 2. Nf3 Nc6 3. d4 exd4 4. Nxd4 Bc5 5. Be3 Qf6 6. c3 Nge7 7. Bc4 O-O 8. O-O Rd8 9. f4 Bxd4 10. cxd4 d5 11. e5 Qg6 12. Bd3 Bf5 13. Bxf5 Nxf5 14. Bf2 f6 15. Nc3 fxe5 16. fxe5 Nce7 17. Qd2 Rf8 18. Ne2 Qg4 19. Ng3 Nxg3 20. Bxg3 Nf5 21. Rf4 Qg6 22. Bf2 Ne7 23. Rxf8+ Rxf8 24. Qb4 Qf7 25. Rf1 b6 26. Qa4 a5 27. Qd7 Ng6 28. Qxf7+ Rxf7 29. Rc1 Kf8 30. Bg3 Ke8 31. e6 Re7 32. Rxc7 Rxe6 33. Rxg7 Re2 34. Rxh7 Rxb2 35. Rb7 b5 36. h4 b4 37. h5 Ne7 38. h6 Kf8 39. Bd6 Kg8 40. Rxe7 Rxa2 41. h7+ 1-0


[Site "https://www.chess.com"]

[Event "Titled Tuesday Blitz April 11 Late 2023"]
[White "Thomas, Anysia"]
[Black "Petrova, Irina"]
[WhiteFideId "670472"]
[BlackFideId "14124122"]
[WhiteElo "2091"]
[BlackElo "2084"]
[Result "1-0"]
[Round "05"]
[TimeControl "180+2"]
[Date "2023.04.11"]
[WhiteClock "0:00:36"]
[BlackClock "0:01:08"]

1. d4 d6 2. Nf3 g6 3. c4 Bg7 4. Nc3 Nc6 5. e4 Bg4 6. Be3 e5 7. d5 Nd4 8. Be2 Nxe2 9. Qxe2 Nf6 10. h3 Bd7 11. g4 O-O 12. Qd2 h5 13. Nh2 hxg4 14. Nxg4 Nxg4 15. hxg4 Bxg4 16. Bh6 Qf6 17. Ne2 Bxe2 18. Kxe2 Bxh6 19. Qxh6 Qg7 20. Qe3 f5 21. Qg3 fxe4 22. Rh4 Rf6 23. Rah1 Raf8 24. R1h2 c6 25. Qh3 Rf3 26. Rh8+ Kf7 27. Qd7+ Kf6 28. Qe6+ Kg5 29. Rg2+ Kf4 30. Qg4# 1-0


[Site "https://www.chess.com"]

[Event "Titled Tuesday Blitz April 11 Late 2023"]
[White "Ronka, Erik"]
[Black "Filgueiras, Nathan Felipe"]
[WhiteFideId "505080"]
[BlackFideId "2188562"]
[WhiteElo "2264"]
[BlackElo "2241"]
[Result "1-0"]
[Round "05"]
[TimeControl "180+2"]
[Date "2023.04.11"]
[WhiteClock "0:01:00"]
[BlackClock "0:01:48"]

1. a3 d5 2. c4 e6 3. Nc3 Nf6 4. d3 d4 5. Na4 c5 6. e4 dxe3 7. Bxe3 Qc7 8. b4 cxb4 9. Nf3 bxa3 10. d4 Bb4+ 11. Nd2 O-O 12. Bd3 Bd7 13. O-O Qa5 14. Nc5 Bxc5 15. dxc5 Na6 16. Nb3 Qb4 17. Bd4 Ba4 18. Rb1 Nd7 19. Qc2 Naxc5 20. Nxc5 Nxc5 21. Bxh7+ Kh8 22. Qe2 Qxb1 23. Bxb1 1-0


[Site "https://www.chess.com"]

[Event "Titled Tuesday Blitz April 11 Late 2023"]
[White "Howell, David W L"]
[Black "Chemin, Justo Reinaldo"]
[WhiteFideId "410608"]
[BlackFideId "2101580"]
[WhiteElo "2567"]
[BlackElo "1940"]
[Result "1-0"]
[Round "05"]
[TimeControl "180+2"]
[Date "2023.04.11"]
[WhiteClock "0:00:06"]
[BlackClock "0:00:01"]

1. e4 e6 2. b3 b6 3. Bb2 Bb7 4. Qe2 d6 5. Nc3 Nd7 6. O-O-O a6 7. Kb1 b5 8. Qe3 Ngf6 9. f3 c5 10. g4 Be7 11. h4 Qc7 12. g5 Nh5 13. Bh3 Bc6 14. Bg4 g6 15. Bxh5 gxh5 16. Nd5 exd5 17. exd5 O-O 18. dxc6 Ne5 19. Nh3 Qxc6 20. f4 Ng4 21. Qg3 f5 22. gxf6 Bxf6 23. Nf2 Bxb2 24. Kxb2 Qd7 25. Rhg1 Kh8 26. Nxg4 1-0


[Site "https://www.chess.com"]

[Event "Titled Tuesday Blitz April 11 Late 2023"]
[White "Bilan, Danila"]
[Black "Smith, Garrett L"]
[WhiteFideId "24161918"]
[BlackFideId "2024829"]
[WhiteElo "2182"]
[BlackElo "2047"]
[Result "1-0"]
[Round "05"]
[TimeControl "180+2"]
[Date "2023.04.11"]
[WhiteClock "0:00:37"]
[BlackClock "0:01:19"]

1. d4 Nf6 2. Nf3 g6 3. Bg5 Bg7 4. c3 d5 5. Nbd2 c6 6. e3 Bf5 7. Qb3 Qb6 8. c4 O-O 9. Bxf6 exf6 10. cxd5 Qxb3 11. Nxb3 cxd5 12. Rc1 Rc8 13. Rxc8+ Bxc8 14. Kd2 Nc6 15. Bb5 Bf8 16. Rc1 Bb4+ 17. Ke2 Na5 18. Nc5 a6 19. Bd3 b6 20. Na4 Rb8 21. Nxb6 Rxb6 22. Rxc8+ Kg7 23. Ra8 Nc4 24. b3 1-0


[Site "https://www.chess.com"]

[Event "Titled Tuesday Blitz April 11 Late 2023"]
[White "Rose, Felix"]
[Black "Silva, Caio Henrique Angelico"]
[WhiteFideId "5105722"]
[BlackFideId "22777210"]
[WhiteElo "2039"]
[BlackElo "2096"]
[Result "0-1"]
[Round "05"]
[TimeControl "180+2"]
[Date "2023.04.11"]
[WhiteClock "0:00:52"]
[BlackClock "0:00:55"]

1. e4 c6 2. d4 d5 3. e5 c5 4. dxc5 e6 5. a3 Bxc5 6. Nf3 Ne7 7. Bd3 Nbc6 8. b4 Bb6 9. Bb2 Ng6 10. O-O O-O 11. Re1 Bd7 12. Nbd2 a5 13. b5 Nce7 14. a4 Rc8 15. c4 Bc5 16. cxd5 Nxd5 17. Ne4 Bb4 18. Rf1 Nc3 19. Nxc3 Bxc3 20. Bxc3 Rxc3 21. Bxg6 hxg6 22. Qd2 Qc7 23. Rfd1 Rd8 24. Ng5 Qxe5 25. Re1 Qc7 26. Rad1 Rc5 27. Qe3 b6 28. Qg3 Qxg3 0-1


[Site "https://www.chess.com"]

[Event "Titled Tuesday Blitz April 11 Late 2023"]
[White "Rodriguez Santiago, Jaime"]
[Black "Goltseva, Ekaterina"]
[WhiteFideId "3100898"]
[BlackFideId "24173770"]
[WhiteElo "2025"]
[BlackElo "2200"]
[Result "1-0"]
[Round "05"]
[TimeControl "180+2"]
[Date "2023.04.11"]
[WhiteClock "0:00:29"]
[BlackClock "0:00:02"]

1. c4 Nf6 2. Nc3 e6 3. e4 e5 4. g3 Bc5 5. h3 Nc6 6. Bg2 h5 7. Nf3 d6 8. a3 a5 9. d3 Nh7 10. Nd5 Be6 11. Rb1 a4 12. O-O Qd7 13. Kh2 Rg8 14. Ng5 Nxg5 15. Bxg5 Rh8 16. f4 Bxd5 17. cxd5 Nd4 18. fxe5 dxe5 19. Rc1 Bb6 20. Rc4 f6 21. Be3 Qb5 22. Bxd4 exd4 23. Rb4 Qd7 24. Qe2 Qd6 25. Rf5 O-O-O 26. Rxh5 Rxh5 27. Qxh5 Kb8 28. Qd1 Qc5 29. Qxa4 Qe7 30. Qd1 f5 31. Ra4 Bc5 32. b4 Bd6 33. Qf3 f4 34. gxf4 Rf8 35. e5 Bxe5 36. d6 Bxf4+ 37. Kh1 1-0


[Site "https://www.chess.com"]

[Event "Titled Tuesday Blitz April 11 Late 2023"]
[White "Nadj Hedjesi, Balind"]
[Black "Tworuszka, Michal"]
[WhiteFideId "934003"]
[BlackFideId "1117858"]
[WhiteElo "2368"]
[BlackElo "2260"]
[Result "1-0"]
[Round "05"]
[TimeControl "180+2"]
[Date "2023.04.11"]
[WhiteClock "0:00:12"]
[BlackClock "0:00:16"]

1. e4 e5 2. d4 exd4 3. Qxd4 Nc6 4. Qe3 Nf6 5. Nc3 Bb4 6. Bd2 O-O 7. O-O-O Re8 8. Qf4 Bxc3 9. Bxc3 Nxe4 10. Bc4 Nf6 11. Nf3 d6 12. Ng5 Be6 13. Nxe6 fxe6 14. Rhe1 d5 15. Bd3 Qd6 16. Qh4 e5 17. g4 e4 18. Be2 Ne7 19. g5 Ng6 20. Qg3 Qxg3 21. hxg3 Nd7 22. Rxd5 Nb6 23. Rd4 Rad8 24. a4 c6 25. Rxd8 Rxd8 26. a5 Nd5 27. Bc4 Re8 28. Bd4 a6 29. c3 Kh8 30. Bd3 Ne5 31. Bxe5 Rxe5 32. Rxe4 Rxe4 33. Bxe4 Ne7 34. Kd2 g6 35. Ke3 Kg7 36. Kd4 Kf7 37. Kc5 Ke6 38. Kb6 Ke5 39. f3 Nf5 40. Bxf5 Kxf5 41. Kxb7 Kxg5 42. Kxa6 h5 43. Kb6 Kf5 44. a6 g5 45. a7 h4 46. gxh4 gxh4 47. a8=Q 1-0


[Site "https://www.chess.com"]

[Event "Titled Tuesday Blitz April 11 Late 2023"]
[White "Filipets, Egor"]
[Black "Gonzalez, Francisco Silva"]
[WhiteFideId "13503928"]
[BlackFideId "1512285"]
[WhiteElo "2233"]
[BlackElo "2074"]
[Result "1-0"]
[Round "05"]
[TimeControl "180+2"]
[Date "2023.04.11"]
[WhiteClock "0:00:20"]
[BlackClock "0:00:14"]

1. e4 e5 2. Nf3 Nc6 3. Bc4 Bc5 4. c3 Nf6 5. d4 exd4 6. cxd4 Bb4+ 7. Nc3 Nxe4 8. O-O Bxc3 9. d5 Ne5 10. Qe2 Nxf3+ 11. Qxf3 O-O 12. bxc3 Nd6 13. Bd3 b6 14. Ba3 Qf6 15. Qxf6 gxf6 16. Rfe1 Bb7 17. Re7 Rfd8 18. c4 Ba6 19. c5 Nc8 20. Re3 Bxd3 21. Rxd3 bxc5 22. Rg3+ Kf8 23. Bxc5+ d6 24. Bd4 Re8 25. Bxf6 Nb6 26. Bg7+ Ke7 27. Rd3 Kd7 28. g3 Re2 29. a4 a5 30. Rf3 Nxd5 31. Rxf7+ Ke6 32. Rf3 Rb8 33. Rd1 Rb4 34. Kf1 Rc2 35. Rfd3 c6 36. Rf3 Rxa4 37. Re1+ Kd7 38. Rf7+ Kd8 39. Bh6 Rg4 40. h4 Rg8 41. Bg5+ Kc8 42. Rb1 Nb4 43. Rxh7 Rc5 44. Be3 Rb5 45. Ra7 Kb8 46. h5 c5 47. Rd7 Rb6 48. h6 d5 49. h7 Rh8 50. Bf4+ Kc8 51. Rg7 Re6 52. Rg8+ Re8 53. Rxe8+ Rxe8 54. Be5 d4 55. h8=Q Rxh8 56. Bxh8 Kc7 57. g4 Kc6 58. g5 a4 59. g6 Nd5 60. g7 Ne7 61. Re1 Ng8 62. Re8 Nf6 63. Rf8 Ng8 64. Rxg8 d3 65. Rd8 c4 66. g8=Q c3 67. Qc4+ Kb7 68. Rxd3 c2 69. Qxc2 Kb6 70. Rd6+ Kb5 71. Rd5+ Kb6 72. Qc5+ Kb7 73. Rd7+ Kb8 74. Qc7+ Ka8 75. Qa7# 1-0


[Site "https://www.chess.com"]

[Event "Titled Tuesday Blitz April 11 Late 2023"]
[White "Kohler, Aran"]
[Black "Rios Escobar, Adan"]
[WhiteFideId "1002856"]
[BlackFideId "3403645"]
[WhiteElo "2010"]
[BlackElo "2234"]
[Result "1-0"]
[Round "05"]
[TimeControl "180+2"]
[Date "2023.04.11"]
[WhiteClock "0:00:11"]
[BlackClock "0:00:01"]

1. Nf3 Nf6 2. d4 g6 3. Bg5 Bg7 4. Nbd2 d5 5. e3 O-O 6. Bd3 c5 7. c3 b6 8. Qe2 Bb7 9. h4 h6 10. h5 hxg5 11. hxg6 g4 12. gxf7+ Rxf7 13. Ng5 Nbd7 14. Nxf7 Kxf7 15. O-O-O Rc8 16. Kb1 Nf8 17. Bf5 e6 18. Bxg4 Nxg4 19. Qxg4 Qf6 20. Nf3 Qf5+ 21. Qxf5+ exf5 22. Rh5 Kg6 23. Rdh1 Ne6 24. R5h3 Ba6 25. Rg3+ Kf7 26. Ng5+ Nxg5 27. Rxg5 Bf6 28. Rh7+ Ke6 29. Rgh5 Bd3+ 30. Ka1 f4 31. Rxa7 fxe3 32. fxe3 cxd4 33. exd4 Bxd4 34. Rh6+ Bf6 35. a4 Rg8 36. Rb7 Ke5 37. Rxb6 Bg5 38. Rhe6+ Kf4 39. Ka2 Rh8 40. Ka3 Rh1 41. Kb4 Bc2 42. b3 Rb1 43. Kc5 Bxb3 44. a5 Kg4 45. Rb7 d4 46. Rg6 1-0


[Site "https://www.chess.com"]

[Event "Titled Tuesday Blitz April 11 Late 2023"]
[White "Wu, Brandon"]
[Black "Kostiukov, Alexandr"]
[WhiteFideId "30909228"]
[BlackFideId "14108100"]
[WhiteElo "2123"]
[BlackElo "2202"]
[Result "1-0"]
[Round "05"]
[TimeControl "180+2"]
[Date "2023.04.11"]
[WhiteClock "0:00:59"]
[BlackClock "0:00:04"]

1. d4 g6 2. Nf3 Bg7 3. g3 d6 4. Bg2 e5 5. O-O exd4 6. Nxd4 Ne7 7. c4 Nbc6 8. Nxc6 bxc6 9. Nc3 O-O 10. Qd2 Rb8 11. b3 Bd7 12. Bb2 Nf5 13. e3 h5 14. Ne4 f6 15. Rad1 Qe7 16. Nc5 Be8 17. Nd3 Kh7 18. Nf4 Bh6 19. Qa5 g5 20. Qxf5+ Kg7 21. Ne6+ Kf7 22. Nxf8 Bxf8 23. Qh7+ Bg7 24. Qxh5+ Kg8 25. Qf3 a5 26. Bc3 a4 27. b4 a3 28. h4 gxh4 29. gxh4 Bf7 30. Qxc6 1-0


[Site "https://www.chess.com"]

[Event "Titled Tuesday Blitz April 11 Late 2023"]
[White "Weisz, Bryan"]
[Black "Romero Ruscalleda, Josep"]
[WhiteFideId "30934133"]
[BlackFideId "2231859"]
[WhiteElo "1973"]
[BlackElo "2183"]
[Result "0-1"]
[Round "05"]
[TimeControl "180+2"]
[Date "2023.04.11"]
[WhiteClock "0:00:20"]
[BlackClock "0:00:12"]

1. e3 g6 2. Ke2 Bg7 3. Kf3 d5 4. Ke2 Nf6 5. Ke1 O-O 6. d3 e5 7. Nd2 Nc6 8. Ngf3 Re8 9. Be2 e4 10. dxe4 dxe4 11. Ng1 Qe7 12. Bb5 Bd7 13. Ne2 Rad8 14. c3 a6 15. Bxc6 Bxc6 16. Qc2 Bb5 17. c4 Bd7 18. b3 Nd5 19. cxd5 Bxa1 20. Ng3 f5 21. h4 Be5 22. h5 g5 23. Nc4 Bxg3 24. fxg3 b5 25. Bb2 Qb4+ 26. Bc3 Qc5 27. Bd4 Qxd5 28. Nd2 Be6 29. Bb2 Qd3 30. Qc1 Rd7 31. Rf1 Red8 32. Rf2 Qxe3+ 33. Re2 Qg1+ 34. Nf1 Rd1+ 0-1


[Site "https://www.chess.com"]